 Dungeon Crawl Stone Soup version 0.28-a0-1524-ge72afd5fc6 (webtiles) character file.

Game seed: 14626608970535174941

156702 dolemite99 the Warrior (level 17, 0/127 HPs)
             Began as a Demonspawn Gladiator on Jan 17, 2022.
             Was the Champion of Kikubaaqudgha.
             Slain by a snapping turtle (18 damage)
             ... on level 1 of the Shoals.
             The game lasted 01:03:42 (45833 turns).

dolemite99 the Warrior (Demonspawn Gladiator)      Turns: 45833, Time: 01:03:42

Health: 0/127      AC: 31    Str: 18 (20) XL:     17   Next: 11%
Magic:  15/26      EV: 12    Int:  9 (10) God:    Kikubaaqudgha [******]
Gold:   635        SH:  7    Dex: 16 (17) Spells: 6/29 levels left

rFire   + + .      SeeInvis +   a - +9 trident of the Rattlesnake {elec, rCorr}
rCold   + . .      Faith    .   K - +2 buckler {rF+}
rNeg    . . .      Spirit   .   j - +7 scale mail of the Gastropod {Contam rF+ rC+}
rPois   +          Reflect  .   A - +2 helmet {SInv}
rElec   .          Harm     .   y - +0 cloak
rCorr   +          Rampage  .   (gloves unavailable)
Will    +....                   s - +2 pair of boots
Stlth   ..........              L - amulet of the acrobat
HPRegen 0.31/turn               u - +4 ring of protection {=R}
MPRegen 0.20/turn               R - ring of poison resistance

@: about to teleport, engulfed (cannot breathe), flying, mesmerised, studying
Evocations
A: icy blue scales 2, foul stench 2, powered by death 2, demonic touch 3, agile
1, dopey 1, frail 1
a: Renounce Religion, Receive Corpses, Torment, Brand Weapon With Pain, Receive
Forbidden Knowledge


You were on level 1 of the Shoals.
You worshipped Kikubaaqudgha.
Kikubaaqudgha was exalted by your worship.
You visited 5 branches of the dungeon, and saw 27 of its levels.
You also visited: Bailey.

You collected 2867 gold pieces.
You spent 2232 gold pieces at shops.

Inventory:

Hand Weapons
 a - the +9 trident of the Rattlesnake (weapon) {elec, rCorr}
   (You found it on level 4 of the Dungeon)

   It occasionally discharges a powerful burst of electricity upon striking a
   foe.
   rCorr:     It protects you from acid and corrosion.
 b - a +4 vorpal hunting sling
 f - the +4 scimitar of Pestilence {vamp, rF+ Will++ Str+2}
   (You took it off an orc wizard on level 1 of the Orcish Mines)

   It occasionally heals its wielder for a portion of the damage dealt when it
   wounds a living foe.
   Str:       It affects your strength (+2).
   rF:        It protects you from fire.
   Will:      It greatly increases your willpower.
 q - a +0 fustibalus of chaos
Missiles
 d - 3 throwing nets (quivered)
 k - 720 stones
 n - 200 sling bullets
 B - 3 silver javelins
 H - 34 boomerangs
 M - 12 poisoned darts
 N - 6 javelins
Armour
 j - the +7 scale mail of the Gastropod (worn) {Contam rF+ rC+}
   (You bought it in a shop on level 3 of the Dungeon)

   rF:        It protects you from fire.
   rC:        It protects you from cold.
   Contam:    It causes magical contamination when unequipped.
 s - a +2 pair of boots (worn)
 y - a +0 cloak (worn)
 A - a +2 helmet of see invisible (worn)
 I - a +1 kite shield of fire resistance
 K - a +2 buckler of fire resistance (worn)
Magical Staves
 e - a staff of conjuration
 U - a staff of air
Jewellery
 h - a ring of protection from cold
 l - the ring "Uqisop" {Will+ Int+2}
   (You acquired it on level 3 of the Dungeon)

   [ring of willpower]

   Int:       It affects your intelligence (+2).
   Will:      It increases your willpower.
 u - a +4 ring of protection (left hand) {=R}
 x - a ring of positive energy
 J - a ring of flight
 L - an amulet of the acrobat (around neck)
 P - an amulet of magic regeneration
 R - a ring of poison resistance (right hand)
Wands
 i - a wand of digging (7)
 E - a wand of flame (38)
 S - a wand of polymorph (6)
 X - a wand of iceblast (2)
Scrolls
 m - 3 scrolls of enchant armour
 r - 2 scrolls of silence
 z - 9 scrolls of vulnerability
 D - 2 scrolls of teleportation
 G - a scroll of magic mapping
 Q - 2 scrolls of fog
 T - 5 scrolls of identify {@r1}
 V - 2 scrolls of enchant weapon
 W - 3 scrolls of amnesia
 Z - a scroll of blinking
Potions
 g - 7 potions of attraction
 o - a potion of flight
 p - 11 potions of curing
 w - 2 potions of brilliance
 C - a potion of ambrosia
 O - a potion of resistance
 Y - 2 potions of lignification
Miscellaneous
 c - a phial of floods (inert)
 F - a condenser vane (inert)


   Skills:
 - Level 15.4 Fighting
 - Level 13.6(14.1) Polearms
 - Level 5.4(10.4) Staves
 - Level 2.6(3.0) Slings
 - Level 1.7(2.5) Throwing
 - Level 10.4 Armour
 - Level 6.6 Dodging
 - Level 4.6 Shields
 - Level 6.6 Spellcasting
 - Level 4.5 Conjurations
 - Level 6.0 Hexes
 - Level 12.2 Necromancy
 - Level 3.6 Air Magic
 + Level 7.3 Poison Magic
 - Level 7.7 Evocations


You had 6 spell levels left.
You knew the following spells:

 Your Spells              Type           Power      Damage    Failure   Level
a - Animate Skeleton      Necr           50%        N/A       1%          1
b - Vampiric Draining     Necr           25%        2d7       1%          3
c - Animate Dead          Necr           12%        N/A       4%          4
d - Mephitic Cloud        Conj/Pois/Air  12%        N/A       24%         3
e - Dispel Undead         Necr           25%        3d12      4%          4
f - Anguish               Hex/Necr       9%         N/A       16%         4
g - Olgreb's Toxic Radia  Pois           16%        N/A       32%         4

Your spell library contained the following spells:

 Spells                   Type           Power      Damage    Failure   Level
 Pain                     Necr           100%       1d9       1%          1
 Sublimation of Blood     Necr           25%        N/A       1%          2
 Slow                     Hex            52%        N/A       6%          1
 Magic Dart               Conj           44%        1d5       11%         1
 Poisonous Vapours        Pois/Air       24%        N/A       11%         2
 Agony                    Necr           25%        N/A       13%         5
 Sting                    Tmut/Pois      36%        1d4       16%         1
 Static Discharge         Conj/Air       10%        N/A       19%         2
 Confusing Touch          Hex            13%        N/A       19%         3
 Tukima's Dance           Hex            13%        N/A       19%         3
 Dazzling Flash           Conj/Hex       24%        N/A       24%         3
 Spider Form              Tmut/Pois      9%         N/A       41%         3
 Apportation              Tloc           4%         N/A       56%         1
 Beastly Appendage        Tmut           4%         N/A       56%         1
 Death Channel            Necr           12%        N/A       56%         6
 Fulminant Prism          Conj/Hex       6%         3d7       63%         4
 Call Imp                 Summ           2%         N/A       71%         2
 Wereblood                Tmut           2%         N/A       71%         2
 Borgnjor's Vile Clutch   Necr/Erth      7%         N/A       83%         5
 Gell's Gravitas          Tloc           2%         N/A       91%         3
 Ozocubu's Armour         Ice            2%         N/A       91%         3
 Teleport Other           Tloc           2%         N/A       91%         3
 Iskenderun's Mystic Bla  Conj/Tloc      7%         2d4       95%         4
 Sticky Flame             Conj/Fire      7%         2d3       95%         4
 Silence                  Hex/Air        5%         N/A       95%         5
 Alistair's Intoxication  Tmut/Pois      6%         N/A       99%         5
 Yara's Violent Unravell  Hex/Tmut       4%         3d4       99%         5
 Passage of Golubria      Tloc           2%         N/A       100%        4
 Petrify                  Tmut/Erth      2%         N/A       100%        4
 Blade Hands              Tmut           1%         N/A       100%        5
 Irradiate                Conj/Tmut      3%         3d15      100%        5
 Lee's Rapid Deconstruct  Erth           1%         3d5*      100%        5
 Dispersal                Tloc           1%         N/A       100%        6
 Simulacrum               Ice/Necr       7%         N/A       100%        6
 Dragon Form              Tmut           1%         N/A       100%        7
 Ozocubu's Refrigeration  Ice            1%         4d5       100%        7


Dungeon Overview and Level Annotations

Branches:
Dungeon (15/15)            Temple (0/1) D:5            Lair (6/6) D:11
 Shoals (1/4) Lair:2       Spider (3/4) Lair:2        Slime (0/5) Lair:5
    Orc (2/2) D:10            Elf (0/3) Orc:2        Vaults (0/5) D:14
 Depths (0/4) D:15         Bailey (visited)

Altars:
Fedhas
Gozag
Kikubaaqudgha
Makhleb
Nemelex Xobeh
Trog
Wu Jian
Yredelemnul
Zin
Beogh
Jiyva

Shops:
D:3 [   D:9 :   D:15 (*   Orc:2 :([(*

Portals:
Trove: D:15 (give 6 scrolls of fear)

Annotations:
D:12 2 transporters, Owiud's ghost, journeyman HuFi
Lair:1 2 transporters, 3t5h's ghost, novice FeSu
Lair:3 exclusion: oklob plant


Innate Abilities, Weirdness & Mutations

You are mostly covered in icy blue scales. (AC +3)
You sometimes emit foul miasma when damaged in melee.
You regenerate health from kills.
Your touch may irresistibly damage your foes and sap their willpower.
You are agile. (Dex +2)
You are dopey. (Int -2)
You are frail. (-10% HP)


Message History

You block the sea snake's attack.
The snapping turtle bites you but does no damage.
The merfolk avatar chants its luring song.
Casting: Vampiric Draining (safe; 1% risk of failure)
Confirm with . or Enter, or press ? or * to list all spells.
Aiming: Vampiric Draining (safe; 1% risk of failure)
Press: ? - help, Shift-Dir - straight line, f - sea snake
Aim: a sea snake (lightly wounded, poisoned)
You draw life force from the sea snake!
You feel life coursing into your body. The water elemental hits you.
The water elemental engulfs you in water!
The sea snake bites you.
* * * LOW HITPOINT WARNING * * *
The snapping turtle closely misses you. The merfolk closely misses you.
The snapping turtle bites you.
* * * LOW HITPOINT WARNING * * *
The merfolk avatar chants its luring song.
You cannot cast spells while unable to breathe!
You cannot move away from the merfolk avatar!
Unknown command.
Unknown command.
Okay, then.
You slip free of the water engulfing you.
* * * LOW HITPOINT WARNING * * *
Your lungs strain for air!
The sea snake looks more healthy.
The sea snake closely misses you. You block the water elemental's attack.
You block the merfolk's attack. The snapping turtle misses you. x2
The merfolk avatar chants its luring song.
You feel better.
* * * LOW HITPOINT WARNING * * *
Your lungs strain for air!
The sea snake bites you but does no damage.
The water elemental closely misses you.
The merfolk hits you from afar with a +0 trident.
* * * LOW HITPOINT WARNING * * *
The snapping turtle closely misses you.
The snapping turtle bites you from afar!!
You die...
Kikubaaqudgha rasps: "You have failed me!
Welcome... death!"

≈≈≈≈≈≈≈... ..
≈≈≈≈≈≈≈≈[..#....##/≈≈≈
≈≈≈≈≈≈≈≈≈..#......≈≈≈≈≈
≈≈≈≈≈≈≈≈... #.≈$≈≈≈≈≈≈≈.
≈≈≈≈≈≈≈≈..# #..≈≈≈≈≈≈≈..
≈≈≈≈≈≈≈≈≈.###≈≈≈≈≈≈≈≈≈.#
≈≈≈≈≈≈≈m≈...≈≈≈≈≈≈≈≈≈≈.#
≈≈≈≈≈≈≈SEt≈≈≈≈≈≈≈≈≈≈≈≈≈.
≈≈≈≈≈≈≈@≈m..≈≈≈≈≈≈≈≈≈≈..
≈≈≈≈≈≈≈≈≈t≈≈≈≈≈≈≈≈≈≈≈≈≈.
≈≈≈≈≈≈≈≈≈≈≈≈≈≈≈≈≈≈≈≈≈≈≈.
≈≈≈≈≈≈≈≈≈≈...≈≈≈≈≈≈.≈≈≈≈
≈≈≈≈≈≈≈≈≈....≈≈≈≈...[≈≈≈
≈≈≈≈≈≈≈≈.####≈≈≈≈.###.≈≈
≈≈≈≈≈≈≈≈.# #.(≈≈.# .≈≈
≈≈≈≈≈≈≈≈.####≈≈≈≈.###.≈≈
≈≈≈≈≈≈≈≈≈....≈≈≈≈≈..<≈≈≈


You could see a merfolk avatar (mesmerising), a sea snake, 2 snapping turtles, a
merfolk and a water elemental.

Vanquished Creatures
  Gastronok (Orc:1)
  A sphinx (shapeshifter) (D:14)
  Kirke (D:13)
  2 tengu reavers (D:13)
  3 orc warlords
  3 ghost moths
  A broodmother (Spider:2)
  3 entropy weavers
  Azrael (Spider:1)
  A spark wasp (Spider:2)
  Snorg (Lair:5)
  An ettin (D:12)
  Josephine (Orc:1)
  2 boulder beetles
  8 hydras
  4 vault guards
  A merfolk avatar (Shoals:1)
  A catoblepas (D:13)
  A radroach (Spider:3)
  6 centaur warriors
  An ogre mage (Orc:2)
  12 two-headed ogres
  6 tengu warriors
  4 death yaks
  7 orc high priests
  Nergalle (D:11)
  6 steelbarb worms
  A deep troll (D:15)
  2 pharaoh ants
  8 orb spiders
  7 orc knights
  A deep elf archer (Orc:1)
  A lindwurm (Lair:6)
  A deep elf zephyrmancer (Orc:1)
  17 ugly things
  12 wolf spiders
  2 deep elf pyromancers
  2 orc sorcerers (Orc:1)
  6 cyclopes
  A moth of wrath (Spider:3)
  3 manticores
  5 black mambas
  Joseph (D:8)
  4 elephants (Lair:2)
  A guardian serpent (D:14)
  16 cane toads
  5 torpor snails
  11 komodo dragons
  3 rime drakes (Lair:5)
  A kobold demonologist (D:10)
  An unseen horror (D:10)
  A yaktaur (D:15)
  A freezing wraith (D:15)
  8 demonic crawlers
  An efreet (D:14)
  5 tengu conjurers
  A komodo dragon (shapeshifter) (D:13)
  3 hornets
  9 trolls
  9 meliai
  15 tarantellas
  6 polar bears (Lair:6)
  16 slime creatures
  6 blink frogs
  13 jumping spiders
  2 dream sheep (Lair:6)
  A meliai zombie (D:11)
  Sigmund (D:3)
  14 culicivoras
  A centaur simulacrum (D:15)
  A vampire (D:13)
  2 shadows
  14 spriggans (Lair:6)
  5 water elementals (D:14)
  4 wyverns
  7 wraiths
  41 yaks
  4 basilisks
  4 steam dragons
  9 vampire mosquitoes
  55 redbacks
  4 wargs
  An acid dragon (D:13)
  18 water moccasins
  5 hell hounds (Spider:1)
  A hornet zombie (D:6)
  An ice beast (D:8)
  3 sky beasts
  29 orc warriors
  A black bear (shapeshifter) (D:14)
  A necrophage (D:4)
  8 boggarts
  4 black bears
  50 wolves
  9 ogres
  5 centaurs
  A phantom (D:6)
  4 kobold brigands
  2 gnoll sergeants
  14 bullfrogs
  A scorpion (D:7)
  14 killer bees
  7 wights
  5 electric eels
  2 howler monkeys
  4 centaur zombies
  A jelly (D:6)
  12 orc priests
  A gnoll shaman (D:5)
  A hound (D:5)
  A bullfrog skeleton (D:5)
  2 iguanas (D:4)
  15 orc wizards
  4 hell rats (Lair:3)
  A killer bee zombie (D:8)
  A howler monkey zombie (D:8)
  Robin (D:3)
  8 gnolls
  2 howler monkey skeletons (D:7)
  8 adders
  3 river rats (D:3)
  A white imp (D:5)
  2 worms
  3 dart slugs
  43 orcs
  7 bats
  9 endoplasms
  3 giant cockroaches (D:3)
  4 hobgoblins
  2 quokkas
  4 ball pythons (D:3)
  2 frilled lizards
  26 goblins
  11 kobolds
  2 rats
825 creatures vanquished.

Vanquished Creatures (collateral kills)
  Agnes (Spider:2)
  A broodmother (Spider:3)
  A sun moth (Spider:1)
  A cyclops (D:13)
  A torpor snail (Spider:1)
  A cane toad (Lair:6)
  2 meliai (Spider:1)
  2 hornets (Lair:6)
  3 tarantellas
  A blink frog (Lair:4)
  3 jumping spiders (Spider:1)
  3 culicivoras
  A yak (Lair:6)
  6 redbacks
  An orc warrior (Orc:1)
  A boggart (Lair:6)
  2 orc wizards (Orc:1)
  An orc (Orc:1)
32 creatures vanquished.

Vanquished Creatures (others)
  A boulder beetle (D:13)
  2 humans (D:14)
  A redback (Spider:2)
  An orc wizard (D:9)
  2 orcs
  63 fungi
  41 plants
111 creatures vanquished.

Grand Total: 968 creatures vanquished

Notes
Turn   | Place    | Note
-------+----------+-------------------------------------------
     0 | D:1      | dolemite99 the Demonspawn Gladiator began the quest for the
                  | Orb.
     0 | D:1      | Reached XP level 1. HP: 16/16 MP: 1/1
   175 | D:1      | Gained mutation: You are partially covered in icy blue
                  | scales. (AC +2) [demonic ancestry]
   175 | D:1      | Reached XP level 2. HP: 21/22 MP: 2/2
   231 | D:1      | Found a faded altar of an unknown god.
   338 | D:1      | Prayed at the altar of an unknown god.
   338 | D:1      | Became a worshipper of Kikubaaqudgha
   338 | D:1      | Reached * piety under Kikubaaqudgha
   338 | D:1      | Received a gift from Kikubaaqudgha
  1076 | D:2      | Found a blossoming altar of Fedhas.
  1095 | D:2      | Gained mutation: You regenerate a little health from kills.
                  | [demonic ancestry]
  1095 | D:2      | Reached XP level 3. HP: 13/26 MP: 3/3
  1713 | D:2      | Gained mutation: You may rarely emit foul miasma when
                  | damaged in melee. [demonic ancestry]
  1713 | D:2      | Reached XP level 4. HP: 26/33 MP: 4/4
  2641 | D:3      | Reached ** piety under Kikubaaqudgha
  2711 | D:3      | Noticed Robin
  3611 | D:3      | Killed Robin
  3612 | D:3      | Reached skill level 5 in Staves
  3804 | D:3      | Noticed Sigmund
  3824 | D:3      | Gained mutation: You have hidden genetic defects. [potion
                  | of mutation]
  3824 | D:3      | Gained mutation: You are agile. (Dex +2) [potion of
                  | mutation]
  4095 | D:3      | Gained mutation: Your touch may inflict minor irresistible
                  | damage on your foes. [demonic ancestry]
  4095 | D:3      | Reached XP level 5. HP: 27/38 MP: 5/5
  4107 | D:3      | Gained mutation: You are dopey. (Int -2) [hidden defects]
  4954 | D:4      | Found an opulent altar of Gozag.
  5012 | D:4      | Identified the +9 trident of the Rattlesnake {elec, rCorr}
  5030 | D:4      | Reached skill level 1 in Polearms
  5035 | D:4      | Gained mutation: You are frail. (-10% HP) [hidden defects]
  5035 | D:4      | Lost mutation: You have hidden genetic defects. [hidden
                  | defects expressed]
  5047 | D:4      | Noticed a black bear
  5051 | D:4      | Killed a black bear
  5052 | D:4      | Gained mutation: Your touch may inflict irresistible damage
                  | on your foes. [demonic ancestry]
  5052 | D:4      | Reached XP level 6. HP: 39/39 MP: 6/6
  5196 | D:3      | Killed Sigmund
  5263 | D:3      | Found an ornate altar of the Wu Jian Council.
  5359 | D:3      | Found Ogiragud's Antique Armour Shoppe.
  5504 | D:4      | Reached XP level 7. HP: 45/45 MP: 7/7
  5761 | D:5      | Entered Level 5 of the Dungeon
  5778 | D:5      | Reached skill level 5 in Polearms
  5790 | D:5      | Found a staircase to the Ecumenical Temple.
  6028 | D:5      | Learned a level 1 spell: Animate Skeleton
  6032 | D:5      | Learned a level 3 spell: Vampiric Draining
  6098 | D:5      | Reached *** piety under Kikubaaqudgha
  6098 | D:5      | Received a gift from Kikubaaqudgha
  6175 | D:5      | Found a burning altar of Makhleb.
  6685 | D:6      | Gained mutation: Your touch may irresistibly damage your
                  | foes and sap their willpower. [demonic ancestry]
  6685 | D:6      | Reached XP level 8. HP: 50/50 MP: 8/8
  6719 | D:6      | Found a basalt altar of Yredelemnul.
  7116 | D:6      | Found a sparkling altar of Nemelex Xobeh.
  8503 | D:7      | Reached XP level 9. HP: 52/54 MP: 9/9
  8603 | D:7      | Reached skill level 10 in Polearms
  8933 | D:8      | Identified the +1 leather armour "Vuxuloys" {+Blink rF+
                  | rCorr}
  9070 | D:8      | Found a flagged portal.
  9103 | Bailey   | Entered a bailey
  9172 | Bailey   | Noticed an orc knight
  9468 | D:8      | Found a bloodstained altar of Trog.
  9512 | D:8      | Noticed Joseph
  9530 | D:8      | Killed Joseph
  9947 | D:8      | Reached **** piety under Kikubaaqudgha
 10835 | D:9      | Found Faqekh's Book Emporium.
 10864 | D:9      | Reached skill level 1 in Evocations
 11435 | D:9      | Reached XP level 10. HP: 49/59 MP: 10/10
 11930 | D:10     | Entered Level 10 of the Dungeon
 11966 | D:10     | Noticed a two-headed ogre
 11973 | D:10     | Killed a two-headed ogre
 12501 | D:10     | Reached skill level 1 in Slings
 12918 | D:10     | Reached skill level 3 in Fighting
 13026 | D:10     | Reached skill level 4 in Fighting
 13040 | D:10     | Noticed a rust devil
 13220 | D:10     | Noticed a two-headed ogre
 13230 | D:10     | Killed a two-headed ogre
 13231 | D:10     | Reached skill level 5 in Fighting
 13720 | D:10     | Noticed a seven-headed hydra
 13726 | D:10     | Killed a seven-headed hydra
 13727 | D:10     | Reached skill level 6 in Fighting
 13727 | D:10     | Gained mutation: You are mostly covered in icy blue scales.
                  | (AC +3) [demonic ancestry]
 13727 | D:10     | Reached XP level 11. HP: 43/72 MP: 11/11
 14386 | D:10     | Found a staircase to the Orcish Mines.
 14500 | D:11     | Noticed a six-headed hydra
 14507 | D:11     | Killed a six-headed hydra
 14508 | D:11     | Reached skill level 5 in Armour
 14638 | D:11     | Noticed a four-headed hydra
 14648 | D:11     | Killed a four-headed hydra
 14649 | D:11     | Reached skill level 7 in Fighting
 15134 | D:3      | Bought a jewelled scale mail for 216 gold pieces
 15134 | D:3      | Identified the +7 scale mail of the Gastropod {Contam rF+
                  | rC+} (You bought it in a shop on level 3 of the Dungeon)
 15155 | D:3      | Identified a scroll of acquirement
 15155 | D:3      | Acquired the ring "Uqisop" {Will+ Int+2}
 15353 | D:11     | You fall into a shaft and drop 2 floors!
 15377 | D:12     | Found a transporter.
 15377 | D:12     | Noticed a two-headed ogre
 15378 | D:12     | Noticed a tengu warrior
 15382 | D:12     | Found a bloodstained altar of Trog.
 15382 | D:12     | Noticed a two-headed ogre
 15383 | D:12     | Noticed a two-headed ogre
 15390 | D:12     | Found a transporter.
 15390 | D:12     | Noticed an orc knight
 15390 | D:12     | Noticed a deep troll
 15390 | D:12     | Noticed a two-headed ogre
 15390 | D:12     | Noticed Owiud's ghost (journeyman HuFi)
 15413 | D:11     | Noticed a two-headed ogre
 15413 | D:11     | Found a staircase to the Lair.
 15414 | D:11     | Noticed a death yak
 15414 | D:11     | Noticed a death yak
 15419 | D:12     | Killed a two-headed ogre
 15420 | D:12     | Noticed a white ugly thing
 15421 | D:12     | Noticed a two-headed ogre
 15441 | D:12     | Killed a two-headed ogre
 15446 | D:12     | Killed a white ugly thing
 15691 | D:12     | Reached ***** piety under Kikubaaqudgha
 15849 | D:11     | Reached skill level 8 in Fighting
 16005 | D:11     | Noticed Nergalle
 16026 | D:11     | Killed Nergalle
 16549 | D:11     | Noticed a two-headed ogre
 16560 | D:11     | Killed a two-headed ogre
 16932 | D:11     | Killed a death yak
 16933 | D:11     | Reached XP level 12. HP: 80/84 MP: 12/12
 17404 | Lair:1   | Entered Level 1 of the Lair of Beasts
 17611 | Lair:1   | Found a frozen archway.
 17707 | Lair:1   | Found a transporter.
 17712 | Lair:1   | Found a transporter.
 17713 | Lair:1   | Noticed 3t5h's ghost (novice FeSu)
 17942 | Lair:1   | Reached skill level 5 in Dodging
 18316 | Lair:2   | Found a hole to the Spider Nest.
 18407 | Lair:2   | Found a staircase to the Shoals.
 18487 | Lair:2   | Noticed a six-headed hydra
 18494 | Lair:2   | Killed a six-headed hydra
 18495 | Lair:2   | Reached skill level 9 in Fighting
 18515 | Lair:2   | Noticed a six-headed hydra
 18521 | Lair:2   | Killed a six-headed hydra
 19676 | Lair:3   | Reached skill level 1 in Necromancy
 19908 | Lair:3   | Reached skill level 5 in Necromancy
 19987 | Lair:3   | Identified the +3 scale mail of Resonance {rElec rF+}
 20101 | Lair:3   | Gained mutation: You regenerate health from kills. [demonic
                  | ancestry]
 20101 | Lair:3   | Reached XP level 13. HP: 71/90 MP: 13/13
 20277 | Lair:3   | Found an opulent altar of Gozag.
 21548 | Lair:5   | Noticed Snorg
 21611 | Lair:5   | Killed Snorg
 22136 | Lair:5   | Reached skill level 10 in Necromancy
 22322 | Lair:5   | Found a staircase to the Slime Pits.
 22323 | Lair:5   | Found a viscous altar of Jiyva.
 22778 | Lair:6   | Entered Level 6 of the Lair of Beasts
 23115 | Lair:6   | Reached ****** piety under Kikubaaqudgha
 23324 | Lair:6   | Reached skill level 1 in Spellcasting
 23694 | Lair:6   | Gained mutation: You sometimes emit foul miasma when
                  | damaged in melee. [demonic ancestry]
 23694 | Lair:6   | Reached XP level 14. HP: 97/97 MP: 19/19
 23923 | Lair:6   | Reached skill level 5 in Spellcasting
 24691 | Lair:6   | Learned a level 4 spell: Animate Dead
 25313 | Orc:1    | Entered Level 1 of the Orcish Mines
 25358 | Orc:1    | Noticed Josephine
 25377 | Orc:1    | Killed Josephine
 25414 | Orc:1    | Noticed an orc warlord
 25430 | Orc:1    | Reached skill level 10 in Fighting
 25458 | Orc:1    | Killed an orc warlord
 26089 | Orc:1    | Identified the +4 scimitar of Pestilence {vamp, rF+ Will++
                  | Str+2}
 26096 | Orc:1    | Noticed Gastronok
 26148 | Orc:1    | Killed Gastronok
 26547 | Orc:2    | Entered Level 2 of the Orcish Mines
 26981 | Orc:2    | Found Cenoxut's Antique Weapon Emporium.
 27425 | Orc:2    | Reached skill level 11 in Fighting
 27757 | Orc:2    | Bought a fustibalus for 330 gold pieces
 28450 | Orc:2    | Found Zuvyjoaz's General Store.
 28459 | Orc:2    | Bought a scroll of summoning for 152 gold pieces
 28920 | Orc:2    | Noticed an orc warlord
 28947 | Orc:2    | Killed an orc warlord
 29260 | Orc:2    | Found Oliacs's Antique Weapon Shop.
 29339 | Orc:2    | Reached skill level 10 in Armour
 29600 | Orc:2    | Found a staircase to the Elven Halls.
 29881 | Orc:2    | Reached XP level 15. HP: 108/108 MP: 24/24
 30157 | Orc:2    | Found Aryhiach's Antique Armour Shop.
 30230 | Orc:2    | Found Ugoocraf's Book Shop.
 30571 | D:3      | Bought a glowing buckler for 180 gold pieces
 30770 | D:9      | Learned a level 4 spell: Dispel Undead
 30770 | D:9      | Bought a book of Minor Magic for 234 gold pieces
 30774 | D:9      | Learned a level 3 spell: Mephitic Cloud
 30868 | Orc:2    | Bought a manual of Evocations for 1120 gold pieces
 31405 | D:13     | Reached skill level 1 in Poison Magic
 31889 | D:13     | Noticed a tengu reaver
 31906 | D:13     | Reached skill level 5 in Evocations
 31909 | D:13     | Killed a tengu reaver
 32107 | D:13     | Identified the +3 lajatang of Downiefi {spect, rPois Str+2}
 32207 | D:13     | Noticed a tengu reaver
 32241 | D:13     | Killed a tengu reaver
 32442 | D:13     | Noticed an orc warlord
 32446 | D:13     | Identified the +3 leather armour of the Coconut {Harm
                  | Int+6}
 32524 | D:13     | Killed an orc warlord
 33067 | D:13     | Identified the +3 hunting sling of the Unseen Realm {flame,
                  | rElec}
 33838 | D:13     | Reached skill level 1 in Air Magic
 34388 | D:14     | Found a gate to the Vaults.
 34422 | D:14     | Reached skill level 1 in Conjurations
 34562 | D:14     | Noticed Kirke
 34837 | D:13     | Killed Kirke
 35918 | D:14     | Noticed a sphinx
 35936 | D:14     | Killed a sphinx
 35937 | D:14     | Reached skill level 1 in Shields
 38180 | D:14     | Learned a level 4 spell: Anguish
 38181 | D:15     | Entered Level 15 of the Dungeon
 38444 | D:14     | Reached skill level 1 in Hexes
 38493 | D:15     | Found Kifahuq's Antique Weapon Shop.
 39090 | D:15     | Reached XP level 16. HP: 83/114 MP: 25/25
 39469 | D:15     | Found a staircase to the Depths.
 40061 | D:15     | Found an opulent altar of Gozag.
 40063 | D:15     | Found Gozag's Platinum Reserve.
 40143 | D:15     | Found a portal to a secret trove of treasure.
 40313 | D:14     | Reached skill level 5 in Hexes
 40545 | Spider:1 | Entered Level 1 of the Spider Nest
 40641 | Spider:1 | Reached skill level 12 in Fighting
 40818 | Spider:1 | Noticed Azrael
 40826 | Spider:1 | Reached skill level 13 in Fighting
 40841 | Spider:1 | Killed Azrael
 41746 | Spider:2 | Noticed Agnes
 41756 | Spider:2 | Killed Agnes
 41924 | Spider:2 | Reached skill level 14 in Fighting
 43102 | Spider:2 | Reached skill level 15 in Fighting
 44413 | Spider:3 | Reached skill level 5 in Poison Magic
 44819 | Spider:3 | Reached XP level 17. HP: 125/127 MP: 24/26
 45651 | Spider:3 | Learned a level 4 spell: Olgreb's Toxic Radiance
 45788 | Shoals:1 | Entered Level 1 of the Shoals
 45826 | Shoals:1 | HP: 2/127 [sea snake (10)]
 45833 | Shoals:1 | Slain by a snapping turtle

Illustrated notes

Levels and vault maps discovered:
D:1:      dpeg_arrival_connections, layout_loops_ring,
          nicolae_ecumenical_lake_church, grunt_decor_arrowhead
D:2:      layout_loops_ring, basic_altar
D:3:      layout_basic, mainiacjoe_overflow_alcove_4, serial_shops,
          nicolae_lakefront_shop, gup_sewer_entry_spiral, grunt_decor_clamped,
          uniq_sigmund, uniq_robin
D:4:      layout_basic, pdpol_temple_overflow_zin_treasury_gozag_greed,
          minmay_misc_feat_tiny
D:5:      layout_cave_pools, nicolae_overflow_crystal_walls,
          minmay_temple_entry_waves
D:6:      hellmonk_destroyed_diamonds, layout_cave_pools,
          mainiacjoe_overflow_large_starburst
D:7:      layout_basic
D:8:      layout_loops_corners, kennysheep_mini_moat, enter_bailey_5,
          bh_walls_and_bars, uniq_joseph
D:9:      layout_rooms, serial_shops, shop, hellmonk_bongcloud_opening
D:10:     minmay_the_grid_square_5x5_3x3 [minmay_the_grid_square_5x5_three,
          minmay_the_grid_square_5x5_pentomino_r, minmay_the_grid_square_5x5_c,
          minmay_the_grid_square_5x5_minimal,
          minmay_the_grid_square_5x5_megaprize_hollow,
          minmay_the_grid_square_5x5_forky, minmay_the_grid_square_5x5_eight,
          minmay_the_grid_square_5x5_meh, minmay_the_grid_square_5x5_moneybag],
          layout_loops_cross, hiddenorc1_lemuel, hangedman_decor_opposing
D:11:     layout_long_grid, dpeg_lair_monsters, uniq_nergalle
D:12:     layout_cave_pools, gammafunk_ghost_wrathful_warriors,
          kennysheep_just_a_vault
D:13:     evilmike_diamond_1, layout_loops_corners, roderic_roman_lattice
D:14:     layout_basic, lightli_vaults_fourway_checkpoint, interstate_on_off,
          nrook_guardian_serpent_ordinary, uniq_kirke
D:15:     hangedman_depths_entry_civil_slaughter, layout_rooms,
          nicolae_gozag_zags_fifth_avenue, nicolae_trove_entry_crystal,
          serial_shops, shop, lightli_corner_chamber
Lair:1:   layout_chaotic_city, gammafunk_ghost_hive,
          portal_ice_cave_entry_pillars_2
Lair:2:   layout_loops_ring, elwin_shoals_entry_rocks, dummy_spider_entry,
          lightli_volcano_entry_magma_tube, serial_bayou_shore_a
Lair:3:   layout_chaotic_city, basic_altar, lemuel_oklob_altar,
          grunt_megastairs_2
Lair:4:   layout_misc_corridors, nicolae_lair_run_with_the_wolves,
          serial_bayou_shore_b
Lair:5:   layout_layer_cave, slime_altar_1, chequers_serial_rivers_room_a,
          infiniplex_staircase_pool, grunt_megastairs_3, uniq_snorg
Lair:6:   minmay_lair_end_enchanted_forest, layout_gridlike,
          gauntlet_entry_generic, grunt_megastairs_1
Shoals:1: layout_shoals
Spider:1: layout_spider_delve, uniq_azrael
Spider:2: layout_chambers, nicolae_spider_orb_run, uniq_agnes
Spider:3: layout_spider_delve
Orc:1:    layout_caves, serial_shops, nicolae_shop_statue_plus, elf_legates,
          uniq_gastronok, uniq_josephine
Orc:2:    grunt_orc_gardens, layout_diamond_mine, grunt_orc_garden,
          grunt_orc_garden, grunt_orc_garden, grunt_orc_garden, basic_altar,
          serial_shops, shop_fountains

Skill      XL: |  1  2  3  4  5  6  7  8  9 10 11 12 13 14 15 16 17 |
---------------+----------------------------------------------------+-----
Staves         | 3 4 5 |  5.4
Polearms       | 2 4 6 9 12 13 | 13.6
Evocations     | 2 3 7 |  7.7
Armour         | 4 7 10 | 10.4
Slings         | 2 |  2.6
Fighting       | 6 8 9 11 15 | 15.4
Dodging        | 6 |  6.6
Necromancy     | 5 12 | 12.2
Spellcasting   | 3 6 |  6.6
Poison Magic   | 4 6 7 |  7.3
Air Magic      | 3 |  3.6
Conjurations   | 4 |  4.5
Shields        | 4 |  4.6
Hexes          | 3 6 |  6.0
Throwing       | |  1.7

Action                   |  1- 3 |  4- 6 |  7- 9 | 10-12 | 13-15 | 16-18 || total
-------------------------+-------+-------+-------+-------+-------+-------++-------
Melee: Quarterstaff      |    89 |   159 |       |       |       |       ||   248
       Trident           |       |    25 |   223 |   383 |  1257 |   706 ||  2594
       Touch             |       |     4 |    27 |    63 |   170 |       ||   264
       Punch             |       |       |     4 |     5 |    11 |       ||    20
       Hunting sling     |       |       |       |     1 |       |       ||     1
       Unarmed           |       |       |       |       |    16 |       ||    16
 Fire: Hunting sling     |       |       |     4 |   173 |   362 |    23 ||   562
       Fustibalus        |       |       |       |       |    10 |       ||    10
Throw: Dart              |       |       |       |    40 |       |       ||    40
       Javelin           |       |       |       |     6 |       |       ||     6
       Throwing net      |       |       |       |     1 |       |     1 ||     2
 Cast: Animate Skeleton  |       |       |       |       |    85 |       ||    85
       Vampiric Draining |       |       |       |       |   140 |    64 ||   204
       Animate Dead      |       |       |       |       |    17 |    22 ||    39
       Mephitic Cloud    |       |       |       |       |     6 |    12 ||    18
       Dispel Undead     |       |       |       |       |     4 |       ||     4
       Anguish           |       |       |       |       |       |     2 ||     2
Evoke: Wand              |       |       |     3 |    16 |    16 |     1 ||    36
       Condenser vane    |       |       |       |     2 |     6 |     4 ||    12
       Phial of floods   |       |       |       |       |       |     3 ||     3
  Use: Scroll            |       |     5 |     8 |    14 |    14 |     4 ||    45
       Potion            |       |     4 |     3 |     5 |     7 |    11 ||    30
 Stab: Invisible         |       |       |     4 |       |       |       ||     4
       Confused          |       |       |       |       |     2 |     4 ||     6
       Distracted        |       |       |       |       |     1 |     1 ||     2
Armor: Leather armour    |    26 |       |       |       |       |       ||    26
       Scale mail        |    45 |    84 |    75 |   111 |   820 |   481 ||  1616
       Chain mail        |       |       |    37 |   118 |       |       ||   155
Dodge: Dodged            |    72 |   105 |   103 |   208 |  1007 |   448 ||  1943
Block: Buckler           |       |       |       |       |   118 |   290 ||   408

Table legend: (Time is in decaauts)
 A = Elapsed time spent in this place.
 B = Non-inter-level travel time spent in this place.
 C = Inter-level travel time spent in this place.
 D = Time resting spent in this place.
 E = Time spent auto-exploring this place.
 F = Levels seen in this place.
 G = Mean time per level.
                   A        B        C        D        E       F      G
               +--------+--------+--------+--------+--------+-----+--------+
         Total |  45120 |  42490 |   2630 |  16877 |  17570 |  28 | 1611.4 |
       Dungeon |  28371 |  26442 |   1929 |  12506 |   9727 |  15 | 1891.4 |
          Lair |   7154 |   6748 |    406 |    690 |   4364 |   6 | 1192.3 |
        Shoals |     41 |     41 |      0 |      0 |      0 |   1 |   41.0 |
   Spider Nest |   5043 |   4870 |    173 |   1304 |   2473 |   3 | 1681.0 |
  Orcish Mines |   4436 |   4316 |    120 |   2314 |   1005 |   2 | 2218.0 |
        Bailey |     74 |     74 |      0 |     61 |      0 |   1 |   74.0 |
               +--------+--------+--------+--------+--------+-----+--------+

Top non-repeatable levels by time:
    D:14: 4300 daAuts
    D:13: 3895 daAuts
    D:10: 3674 daAuts
   Orc:2: 2526 daAuts
     D:3: 2264 daAuts
     D:2: 2212 daAuts
Spider:2: 2175 daAuts
     D:8: 2113 daAuts
   Orc:1: 1909 daAuts
    D:11: 1829 daAuts
     D:6: 1730 daAuts
Spider:1: 1525 daAuts
  Lair:6: 1505 daAuts
  Lair:5: 1502 daAuts
Spider:3: 1342 daAuts
